 Dungeon Crawl Stone Soup version 0.22-a0-443-g17c3723 (webtiles) character file.

87 cultivahabas the Grave Robber (level 4, -10/24 HPs)
             Began as a Deep Elf Necromancer on June 1, 2018.
             Splashed by Ijyb's acid (16 damage)
             ... on level 3 of the Dungeon.
             The game lasted 00:09:39 (3327 turns).

cultivahabas the Grave Robber (DENe)                Turns: 3327, Time: 00:09:40

Health: -10/24     AC:  2    Str:  5    XL:     4   Next: 28%
Magic:  11/11      EV: 14    Int: 21    God:
Gold:   102        SH:  0    Dex: 15    Spells: 1/10 levels left

rFire    . . .     SeeInvis .   p - +0 whip (distort)
rCold    . . .     Gourm    .   (no shield)
rNeg     . . .     Faith    .   a - +0 robe
rPois    .         Spirit   .   (no helmet)
rElec    .         Reflect  .   (no cloak)
rCorr    .         Harm     .   (no gloves)
MR       .....                  (no boots)
Stlth    ++........             (no amulet)
HPRegen  0.08/turn              (no ring)
MPRegen  0.12/turn              (no ring)

@: no status effects
A: no striking features
a: no special abilities


You were on level 3 of the Dungeon.
You were hungry.

You visited 1 branch of the dungeon, and saw 3 of its levels.

You collected 102 gold pieces.

Inventory:

Hand Weapons
 g - a +0 dagger
 p - a +0 whip of distortion (weapon)
Armour
 a - a +0 robe (worn)
Jewellery
 d - an uncursed ring of see invisible {unknown}
Scrolls
 e - 3 scrolls of identify {unknown}
 h - a scroll of fear {unknown}
 j - a scroll of enchant armour {unknown}
 n - a scroll of noise {unknown}
Potions
 b - a potion of degeneration {unknown}
 f - a potion of heal wounds {unknown}
 i - a potion of curing {unknown}
 k - a potion of brilliance {unknown}
 l - a potion of might {unknown}
 m - 2 potions of haste {unknown}
Comestibles
 c - 3 rations
 o - 7 chunks of flesh


   Skills:
 * Level 4.0 Dodging
 - Level 2.4 Stealth
 + Level 3.7 Spellcasting
 * Level 2.3 Charms
 + Level 5.4 Necromancy


You had one spell level left.
You knew the following spells:

 Your Spells              Type           Power        Failure   Level  Hunger
a - Pain                  Necr           ####         1%          1    None
b - Animate Skeleton      Necr           N/A          1%          1    None
c - Regeneration          Chrm/Necr      ###.......   8%          3    ###....
d - Animate Dead          Necr           N/A          13%         4    ####...

Your spell library contained the following spells:

 Spells                   Type           Power        Failure   Level  Hunger
 Vampiric Draining        Necr           ####......   4%          3    ###....


Dungeon Overview and Level Annotations

Branches:
Dungeon (3/15)

Altars:

Annotations:
D:3 DEFE's ghost, amateur DsMo; Ijyb


Message History

You see here 3 inedible chunks of flesh.
You are feeling hungry.
You see here a club.
You swap places.
You see here a club.
You swap places.
You swap places.
You see here a club.
Found 32 arrows and a runed malachite amulet.
Ijyb the Twisted Goblin comes into view.
Found an escape hatch in the ceiling.
Found a stone staircase leading down.
Ijyb shouts!
A giant cockroach comes into view.
Ijyb zaps a wand.
The bolt of acid hits you!
Ouch! That really hurt!
* * * LOW HITPOINT WARNING * * *
You are splashed with acid!
The acid burns!
Ouch! That really hurt!
You die...

#...#.#..###.##
#.....###
#...#.........#
####...†. ##
####..##..#
#######.)...
##### #Z.# .
.......... .....
#.##.####........
......
#Z##....#.#......
......##Z..#
...#.#)##.
.......#.#(# .#
#...##.
.Ws....@...#
..### #.
..g......### ##
#. .<....#..# #.
.......".. #.
..........# ...
#######...# ...
#...# ..>.# ###..


You could see Ijyb, DEFE's ghost (wandering), a giant cockroach, a friendly
goblin skeleton, a friendly hobgoblin skeleton and a friendly kobold skeleton.

Vanquished Creatures
  A gnoll (D:2)
  An adder (D:2)
  3 dart slugs
  2 leopard geckos
  A ball python (D:1)
  5 bats
  3 giant cockroaches
  9 goblins
  4 hobgoblins
  9 jackals (D:2)
  2 quokkas
  2 frilled lizards (D:3)
  4 kobolds
  6 rats
52 creatures vanquished.

Vanquished Creatures (collateral kills)
  2 bats (D:2)
  A goblin (D:1)
  A frilled lizard (D:2)
  2 rats (D:2)
6 creatures vanquished.

Grand Total: 58 creatures vanquished

Notes
Turn   | Place    | Note
-------+----------+-------------------------------------------
     0 | D:1      | cultivahabas the Deep Elf Necromancer began the quest for the Orb.
     0 | D:1      | Reached XP level 1. HP: 10/10 MP: 6/6
    18 | D:1      | Learned a level 1 spell: Animate Skeleton
   183 | D:1      | Reached skill level 5 in Necromancy
   246 | D:1      | Reached XP level 2. HP: 14/15 MP: 8/8
  1289 | D:2      | Reached XP level 3. HP: 16/19 MP: 5/9
  1451 | D:2      | Learned a level 3 spell: Regeneration
  1627 | D:2      | Reached skill level 1 in Charms
  1806 | D:2      | Reached XP level 4. HP: 17/24 MP: 6/11
  1912 | D:2      | Learned a level 4 spell: Animate Dead
  2098 | D:3      | Noticed DEFE's ghost (amateur DsMo)
  3185 | D:3      | Found a faded altar of an unknown god.
  3324 | D:3      | Noticed Ijyb
  3327 | D:3      | Splashed by Ijyb's acid

Vault maps used:
D:1:      dpeg_arrival_boxorama
D:2:      minmay_pentomino_x4
D:3:      chequers_ecumenical_altar_grove, first_ration, uniq_ijyb

Skill      XL: |  1  2  3  4 |
---------------+-------------+-----
Necromancy     | 5 |  5.4
Dodging        | 3 4 |  4.0
Charms         | 1 2 |  2.3
Stealth        | |  2.4
Spellcasting   | |  3.7

Action                   |  1- 3 |  4- 6 || total
-------------------------+-------+-------++-------
Melee: Dagger            |    17 |    26 ||    43
 Cast: Pain              |    54 |    20 ||    74
       Animate Skeleton  |    20 |     8 ||    28
       Regeneration      |     2 |     1 ||     3
 Stab: Sleeping          |     1 |       ||     1
  Eat: Chunk             |     3 |     4 ||     7
Armor: Robe              |    17 |    10 ||    27
Dodge: Dodged            |    32 |    28 ||    60

Table legend:
 A = Spawn XP
 B = Non-spawn XP
 C = Spawn XP percentage of total XP
 D = Spawn monster count
 E = Non-spawn monster count
 F = Spawn count percentage of total count
 G = Total turns spent on level
                    A         B        C        D         E        F      G
               +---------+---------+-------+---------+---------+-------+---------
         Total |       0 |     125 |   0.0 |       0 |      58 |   0.0 |  3327
               +---------+---------+-------+---------+---------+-------+---------
           D:1 |       0 |      23 |   0.0 |       0 |      12 |   0.0 |  1228
           D:2 |       0 |      74 |   0.0 |       0 |      29 |   0.0 |  1614
           D:3 |       0 |      28 |   0.0 |       0 |      17 |   0.0 |   485
               +---------+---------+-------+---------+---------+-------+---------
